 Dungeon Crawl Stone Soup version 0.31-a0-997-g9a2f3ffc92 (webtiles) character file.

Game seed: 1494803472632934843

13190 Dirtsage the Cleaver (level 11, 0/124 HPs)
             Began as a Demonspawn Berserker on Nov 7, 2023.
             Was a High Priest of Trog.
             Slain by an enormous slime creature (64 damage)
             ... on level 10 of the Dungeon.
             The game lasted 00:21:02 (9577 turns).

Dirtsage the Cleaver (Demonspawn Berserker)         Turns: 9577, Time: 00:21:02

Health: 0/124      AC: 13    Str: 28    XL:     11   Next: 72%
Magic:  0/20       EV: 18    Int: 10    God:    Trog [*****.]
Gold:   707        SH:  6    Dex: 18    Spells: 10/10 levels left

rFire   + + .        b - +3 war axe (elec)
rCold   . . .        I - +0 buckler
rNeg    . . .        D - +1 scale mail {rF+}
rPois   +            K - +0 helmet of Courage {Contam Str+4}
rElec   .            e - +0 cloak
rCorr   .            Q - +0 pair of gloves
SInv    .            E - +0 pair of boots
Will    .....        O - amulet of magic regeneration
Stlth   x              - +5 ring of evasion
HPRegen 0.40/turn    L - ring "Xyovy" {rPois rF+ MP+9 Str+3 Dex+6}
MPRegen 0.74/turn

%: guardian spirit
@: berserking, very quick
A: foul stench 1, magic shield, magic regeneration, demonic touch 2
a: Renounce Religion, Berserk, Trog's Hand, Brothers in Arms


You were on level 10 of the Dungeon.
You worshipped Trog.
Trog was extremely pleased with you.
You visited 2 branches of the dungeon, and saw 11 of its levels.
You also visited: Bailey.

You collected 707 gold pieces.

Inventory:

Hand Weapons
 b - a +3 war axe of electrocution (weapon)
 p - a +4 broad axe
 u - a +0 broad axe
 F - a +2 flail of protection
Missiles
 N - a curare-tipped dart
Armour
 e - a +0 cloak (worn)
 g - a +0 helmet
 D - a +1 scale mail of fire resistance (worn)
 E - a +0 pair of boots (worn)
 I - a +0 buckler (worn)
 K - the +0 helmet of Courage (worn) {Contam Str+4}
   (You found it on level 6 of the Dungeon)

   Str+4:     It affects your strength (+4).
   Contam:    It causes magical contamination when unequipped.
 Q - a +0 pair of gloves (worn)
Jewellery
 x - a +5 ring of evasion (left hand)
 L - the ring "Xyovy" (right hand) {rPois rF+ MP+9 Str+3 Dex+6}
   (You acquired it in a bailey)

   [ring of dexterity]

   Str+3:     It affects your strength (+3).
   Dex+6:     It affects your dexterity (+6).
   rF+:       It protects you from fire.
   rPois:     It protects you from poison MP+9: It affects your magic capacity
   (+9).
 O - an amulet of magic regeneration (around neck)
 S - a +6 ring of intelligence
Wands
 y - a wand of paralysis (11)
 A - a wand of roots (17)
 C - a wand of light (5)
 H - a wand of polymorph (6)
Scrolls
 c - 5 scrolls of noise
 d - 4 scrolls of revelation
 f - 2 scrolls of summoning
 h - a scroll of immolation
 i - a scroll of identify
 o - a scroll of amnesia
 s - a scroll of acquirement
 t - 12 scrolls of teleportation
 v - 2 scrolls of enchant armour {unknown}
 w - 3 scrolls of vulnerability
 J - a scroll of enchant weapon {unknown}
 P - a scroll of torment {unknown}
 R - a scroll of blinking {unknown}
Potions
 a - a potion of enlightenment {unknown}
 j - 2 potions of might {unknown}
 k - 9 potions of haste {unknown}
 l - 6 potions of heal wounds
 m - 3 potions of mutation {unknown}
 n - 2 potions of lignification {unknown}
 q - 6 potions of curing
 r - 5 potions of cancellation {unknown}
 z - a potion of invisibility {unknown}
 B - a potion of berserk rage {unknown}
 G - a potion of attraction {unknown}
 M - a potion of brilliance {unknown}


   Skills:
 + Level 6.6 Fighting
 + Level 13.0 Axes
 + Level 5.6 Armour
 + Level 5.7 Dodging
 + Level 5.1 Shields
 + Level 5.3 Evocations


You had 10 spell levels left.
You didn't know any spells.
Your spell library contained the following spells:

 Spells                   Type           Power      Damage    Failure   Level
 Cigotuvi's Dreadful Rot  Necr/Pois/Air  0%         N/A       80%         2
 Ensorcelled Hibernation  Hex/Ice        0%         N/A       80%         2
 Jinxbite                 Hex            0%         N/A       80%         2
 Poisonous Vapours        Pois/Air       0%         N/A       80%         2
 Dazzling Flash           Conj/Hex       0%         N/A       95%         3
 Inner Flame              Hex/Fire       0%         N/A       95%         3
 Mephitic Cloud           Conj/Pois/Air  0%         N/A       95%         3
 Anguish                  Hex/Necr       0%         N/A       100%        4
 Cause Fear               Hex            0%         N/A       100%        4
 Dispel Undead            Necr           0%         3d6       100%        4
 Agony                    Necr           0%         N/A       100%        5
 Fireball                 Conj/Fire      0%         3d3       100%        5
 Freezing Cloud           Conj/Ice/Air   0%         6-21      100%        5
 Silence                  Hex/Air        0%         N/A       100%        5
 Yara's Violent Unravell  Hex/Tmut       0%         3d3       100%        5
 Death Channel            Necr           0%         N/A       100%        6
 Enfeeble                 Hex            0%         N/A       100%        7
 Dragon's Call            Summ           0%         N/A       100%        9


Dungeon Overview and Level Annotations

Branches:
Dungeon (10/15)            Temple (1/1) D:6             Orc (0/2) D:10
 Bailey (visited)
   Lair: D:8-11

Altars:
Ashenzari
Cheibriados
Dithmenos
Fedhas
Gozag
Hepliaklqana
Kikubaaqudgha
Makhleb
Nemelex Xobeh
Okawaru
Qazlal
Ru
Sif Muna
Trog
Uskayaw
Vehumet
Wu Jian
Xom
Yredelemnul


Innate Abilities, Weirdness & Mutations

You may rarely emit foul miasma when damaged in melee.
When hurt, damage is shared between your health and your magic reserves.
You regenerate magic rapidly.
Your touch may inflict irresistible damage on your foes.


Message History

A large slime creature splits.
You hit the very large slime creature but do no damage.
The very large slime creature is moderately wounded.
The very large slime creature is engulfed in dark miasma.
A very large slime creature splits.
Two slime creatures merge to form a very large slime creature.
You hit the very large slime creature.
The very large slime creature is moderately wounded.
You hit the slime creature.
Lightning courses through the slime creature!
Two slime creatures merge to form an enormous slime creature.
You hit the slime creature.
The slime creature is severely wounded.
You slash the enormous slime creature!
Lightning courses through the enormous slime creature!
You block the slime creature's attack.
You slash the slime creature!
The slime creature is almost dead.
You slash the enormous slime creature!
The enormous slime creature is engulfed in dark miasma.
The enormous slime creature hits you! The slime creature barely misses you.
You take 5 damage, and have 71/83 hp.
You now have 18/20 mp.
A red film seems to cover your vision as you go berserk!
You feel yourself moving faster!
You feel mighty!
The enormous slime creature is engulfed in dark miasma.
The enormous slime creature hits you!!! The slime creature hits you.
You now have 63/124 hp.
You hit the enormous slime creature.
Lightning courses through the enormous slime creature!
The enormous slime creature is heavily wounded.
You slash the slime creature!
Lightning courses through the slime creature!
You kill the slime creature!
Trog accepts your kill.
The enormous slime creature is engulfed in dark miasma.
The enormous slime creature is poisoned.
The enormous slime creature seems to slow down.
The enormous slime creature hits you!!!!
Ouch! That really hurt!
You die...

......#
#...[.......#
......#
#...........#
#######
#...........#
#...........#
#<..........#
###'#########
#..#####
##.....#
#####@#
#....J...#
#$.......#
#........#
#........#
+........#
#........#
#........#


You could see an enormous slime creature (poisoned, slow).

Vanquished Creatures
  An orc warlord (Bailey)
  A two-headed ogre (D:9)
  Erica (D:9)
  Nergalle (D:10)
  2 orc knights (Bailey)
  A komodo dragon (D:9)
  A slime creature (D:10)
  Sigmund (D:6)
  4 wyverns
  22 yaks
  A steam dragon (D:8)
  Edmund (D:6)
  2 water moccasins
  2 black bears
  10 orc warriors
  2 sky beasts (D:6)
  6 ogres
  2 bullfrogs
  2 kobold brigands
  7 scorpions
  A gnoll sergeant (D:6)
  12 wights
  An electric eel (D:6)
  2 howler monkeys
  7 orc priests
  4 hounds
  Crazy Yiuf (D:2)
  3 jellies
  A gnoll bouda (D:5)
  A sleepcap (D:5)
  7 iguanas
  11 orc wizards
  14 gnolls
  3 adders
  3 white imps (D:7)
  An ufetubus (D:5)
  3 worms
  3 dart slugs
  75 orcs
  9 endoplasms
  25 goblins
  11 hobgoblins
  3 jackals (D:4)
  17 kobolds
  2 quokkas
  13 ball pythons
  3 bats
  2 rats
308 creatures vanquished.

Vanquished Creatures (collateral kills)
  Fannar (D:10)
1 creature vanquished.

Vanquished Creatures (others)
  An orc wizard (D:8)
1 creature vanquished.

Grand Total: 310 creatures vanquished

Notes
Turn   | Place    | Note
-------+----------+-------------------------------------------
     0 | D:1      | Dirtsage the Demonspawn Berserker began the quest for the
                  | Orb.
     0 | D:1      | Reached XP level 1. HP: 18/18 MP: 1/1
    94 | D:1      | Reached skill level 3 in Axes
   153 | D:1      | Found a faded altar of an unknown god.
   161 | D:1      | Gained mutation: Your touch may inflict minor irresistible
                  | damage on your foes. [demonic ancestry]
   161 | D:1      | Reached XP level 2. HP: 23/24 MP: 2/2
   774 | D:2      | Reached XP level 3. HP: 29/29 MP: 3/3
   862 | D:2      | Reached skill level 4 in Axes
  1100 | D:2      | Found a runed translucent door.
  1101 | D:2      | Noticed Crazy Yiuf
  1108 | D:2      | Killed Crazy Yiuf
  1109 | D:2      | Gained mutation: You may rarely emit foul miasma when
                  | damaged in melee. [demonic ancestry]
  1109 | D:2      | Reached XP level 4. HP: 35/35 MP: 4/4
  1493 | D:3      | Reached ** piety under Trog
  1507 | D:3      | Reached skill level 5 in Axes
  1786 | D:3      | You fall into a shaft and drop 1 floor!
  1795 | D:4      | Reached XP level 5. HP: 20/41 MP: 5/5
  2058 | D:4      | Noticed an ogre
  2061 | D:4      | Killed an ogre
  2062 | D:4      | Reached skill level 6 in Axes
  2135 | D:4      | Reached XP level 6. HP: 47/47 MP: 6/6
  2507 | D:5      | Entered Level 5 of the Dungeon
  2604 | D:5      | Reached skill level 7 in Axes
  2720 | D:5      | Reached XP level 7. HP: 41/52 MP: 7/7
  3061 | D:5      | Reached *** piety under Trog
  3081 | D:5      | Reached skill level 8 in Axes
  3656 | D:5      | Reached skill level 9 in Axes
  3656 | D:5      | Gained mutation: You regenerate magic rapidly. [demonic
                  | ancestry]
  3656 | D:5      | Reached XP level 8. HP: 58/58 MP: 8/8
  3897 | D:6      | Found a staircase to the Ecumenical Temple.
  3963 | Temple   | Entered the Ecumenical Temple
  4136 | D:6      | Noticed Edmund
  4159 | D:6      | Reached skill level 10 in Axes
  4169 | D:6      | Killed Edmund
  4327 | D:6      | Reached skill level 11 in Axes
  4416 | D:6      | Noticed Sigmund
  4466 | D:6      | Killed Sigmund
  4467 | D:6      | Gained mutation: When hurt, damage is shared between your
                  | health and your magic reserves. [demonic ancestry]
  4467 | D:6      | Reached XP level 9. HP: 56/63 MP: 9/9
  5043 | D:6      | Identified the +0 helmet of Courage {Contam Str+4}
  5334 | D:7      | Reached **** piety under Trog
  5578 | D:7      | Noticed a +0 dagger
  5578 | D:7      | Noticed a +0 short sword
  5578 | D:7      | Noticed a +0 falchion
  5578 | D:7      | Noticed a +0 spear
  5579 | D:7      | Noticed a +0 short sword
  5580 | D:7      | Noticed a +0 spear
  5580 | D:7      | Noticed a +0 falchion
  5582 | D:7      | Noticed a +0 dagger
  5588 | D:7      | Found a hide-covered altar of Uskayaw.
  5610 | D:7      | Reached skill level 1 in Shields
  5718 | D:7      | Reached skill level 12 in Axes
  5801 | D:7      | Reached skill level 1 in Evocations
  5917 | D:8      | Found a burning altar of Makhleb.
  6119 | D:8      | Found an ornate altar of the Wu Jian Council.
  6520 | D:8      | Found a sparkling altar of Nemelex Xobeh.
  6599 | D:8      | Found a flagged portal.
  6603 | D:8      | Reached XP level 10. HP: 67/71 MP: 10/10
  6612 | Bailey   | Entered a bailey
  6614 | Bailey   | Identified a scroll of acquirement
  6616 | Bailey   | Acquired the ring "Xyovy" {rPois rF+ MP+9 Str+3 Dex+6}
  6802 | Bailey   | Noticed an orc knight
  6826 | Bailey   | Killed an orc knight
  7020 | Bailey   | Noticed an orc warlord
  7020 | Bailey   | Noticed an orc knight
  7029 | Bailey   | Killed an orc knight
  7034 | Bailey   | Killed an orc warlord
  7035 | Bailey   | Reached skill level 5 in Fighting
  7494 | D:8      | Reached ***** piety under Trog
  7833 | D:9      | Found an iron altar of Okawaru.
  7912 | D:9      | Gained mutation: Your touch may inflict irresistible damage
                  | on your foes. [demonic ancestry]
  7912 | D:9      | Reached XP level 11. HP: 78/80 MP: 11/11
  7960 | D:9      | Noticed a two-headed ogre
  7967 | D:9      | Killed a two-headed ogre
  8038 | D:9      | Reached skill level 5 in Dodging
  8119 | D:9      | Reached skill level 5 in Armour
  8140 | D:9      | Noticed Erica
  8153 | D:9      | Killed Erica
  8205 | D:9      | Identified the +3 spear of Focus {freeze, Will- Str+2 Dex+4
                  | SInv}
  8238 | D:9      | Found a snail-covered altar of Cheibriados.
  8680 | D:10     | Entered Level 10 of the Dungeon
  8694 | D:10     | Received a gift from Trog
  8764 | D:10     | Noticed Nergalle
  8769 | D:10     | Noticed a spectral orc warlord
  8777 | D:10     | Killed Nergalle
  8778 | D:10     | Reached skill level 5 in Evocations
  8917 | D:10     | Reached skill level 5 in Shields
  9021 | D:10     | Found a staircase to the Orcish Mines.
  9296 | D:10     | Noticed Fannar
  9312 | D:10     | Killed Fannar
  9313 | D:10     | Reached skill level 13 in Axes
  9577 | D:10     | Slain by an enormous slime creature

Illustrated notes

Levels and vault maps discovered:
D:1:      matt_arrival_diagonals, layout_basic,
          hellmonk_ecumenical_altar_blasted, minmay_pentomino_q4
D:2:      layout_rooms, uniq_crazy_yiuf_cottage
D:3:      layout_basic, roderic_lattice_a, reono_crystal_passage,
          kennysheep_crisscross, minivault_11
D:4:      layout_loops_ring
D:5:      kennysheep_spiral_hall, layout_loops_ring, minmay_checkerbox
D:6:      layout_loops_ring, tso_oasis_becter, minmay_temple_entry_slanted,
          chequers_big_river, chequers_mini_garden, serial_bayou_pond_c,
          uniq_edmund, uniq_sigmund
D:7:      layout_basic, nicolae_uskayaw_en_pointe
D:8:      layout_loops_ring, mainiacjoe_overflow_alcove_4, lemuel_round_altar,
          kennysheep_little_box, enter_bailey_7, corner_web_ring,
          minmay_misc_feat_diagonals
D:9:      layout_long_grid, okawaru_trees_1, cheibrodos_worm_habitat,
          nicolae_concentric_dashed_squares_mild, uniq_erica
D:10:     layout_roguey, hiddenorc2_lemuel, library_closet, uniq_nergalle,
          uniq_fannar
Temple:   hellmonk_temple_two_chambers

Skill      XL: |  1  2  3  4  5  6  7  8  9 10 11 |
---------------+----------------------------------+-----
Axes           | 3 4 5 6 7 9 11 12 13 | 13.0
Armour         | 3 4 5 |  5.6
Dodging        | 3 4 5 |  5.7
Shields        | 2 4 5 |  5.1
Evocations     | 2 4 5 |  5.3
Fighting       | 4 5 6 |  6.6

Action                     |  1- 3 |  4- 6 |  7- 9 | 10-12 || total
---------------------------+-------+-------+-------+-------++-------
  Melee: Hand axe          |    75 |    58 |       |       ||   133
         Touch             |     8 |    22 |    18 |       ||    48
         War axe           |       |    76 |   242 |   312 ||   630
         Punch             |       |     1 |       |       ||     1
 Invoke: Berserk           |     2 |     2 |     4 |     5 ||    13
         Trog's Hand       |       |     1 |       |       ||     1
         Brothers in Arms  |       |       |       |     1 ||     1
    Use: Scroll            |       |       |     7 |     4 ||    11
         Potion            |       |       |     1 |       ||     1
   Stab: Sleeping          |       |     2 |       |       ||     2
 Armour: Ring mail         |    30 |    29 |       |       ||    59
         Leather armour    |       |    29 |     5 |       ||    34
         Scale mail        |       |       |    87 |   121 ||   208
         Skin              |       |       |     5 |       ||     5
  Dodge: Dodged            |    41 |    80 |   140 |   148 ||   409
  Block: Buckler           |       |       |     7 |    65 ||    72

Table legend: (Time is in decaauts)
 A = Elapsed time spent in this place.
 B = Non-inter-level travel time spent in this place.
 C = Inter-level travel time spent in this place.
 D = Time resting spent in this place.
 E = Time spent auto-exploring this place.
 F = Levels seen in this place.
 G = Mean time per level.
                   A        B        C        D        E       F      G
               +--------+--------+--------+--------+--------+-----+--------+
         Total |   9684 |   8889 |    795 |    563 |   6752 |  12 |  807.0 |
       Dungeon |   9175 |   8380 |    795 |    442 |   6505 |  10 |  917.5 |
        Temple |      1 |      1 |      0 |      0 |      0 |   1 |    1.0 |
        Bailey |    506 |    506 |      0 |    121 |    247 |   1 |  506.0 |
               +--------+--------+--------+--------+--------+-----+--------+

Top non-repeatable levels by time:
     D:6: 1451 daAuts
     D:8: 1297 daAuts
     D:5: 1248 daAuts
     D:9: 994 daAuts
    D:10: 891 daAuts
     D:4: 824 daAuts
     D:1: 664 daAuts
     D:3: 631 daAuts
     D:7: 598 daAuts
     D:2: 573 daAuts
  Bailey: 506 daAuts
  Temple: 1 daAuts
